 Dungeon Crawl Stone Soup version 0.27-a0-1137-g3ef0f4ec91 (webtiles) character file.

Game seed: 16266891697775756869

81 1player the Skirmisher (level 4, -1/42 HPs)
             Began as a Ghoul Monk on May 6, 2021.
             Slain by a ball python (2 damage)
             ... on level 2 of the Dungeon.
             The game lasted 00:04:06 (2262 turns).

1player the Skirmisher (Ghoul Monk)                 Turns: 2262, Time: 00:04:07

Health: -1/42      AC:  3    Str: 14    XL:     4   Next: 42%
Magic:  3/3        EV: 12    Int:  6    God:
Gold:   17         SH:  0    Dex: 11    Spells: 3/3 levels left

rFire    . . .     SeeInvis .   b - +0 short sword
rCold    + . .     Faith    .   (no shield)
rNeg     + + +     Spirit   .   d - +0 leather armour
rPois    ∞         Reflect  .   (no helmet)
rElec    .         Harm     .   (no cloak)
rCorr    .         Rampage  .   (no gloves)
Will     .....                  (no boots)
Stlth    ++........             (no amulet)
HPRegen  0.00/turn              (no ring)
MPRegen  0.08/turn              (no ring)

@: no status effects
A: claws 1, cold resistance 1, negative energy resistance 3, inhibited
regeneration, torment resistance 2, unbreathing 1
a: no special abilities


You were on level 2 of the Dungeon.
You visited 1 branch of the dungeon, and saw 2 of its levels.

You collected 17 gold pieces.

Inventory:

Hand Weapons
 a - a +0 hunting sling
 b - a +0 short sword (weapon)
 c - a +0 dagger
Missiles
 k - 9 sling bullets
Armour
 d - a +0 leather armour (worn)
 j - a +0 robe
Jewellery
 g - a ring of fire
 h - a ring of wizardry
Scrolls
 e - a scroll of vulnerability
 l - a scroll of fog
 m - a scroll of teleportation
Potions
 i - a potion of brilliance


   Skills:
 + Level 5.0 Fighting
 - Level 2.6 Dodging
 + Level 3.3 Stealth
 - Level 3.2 Unarmed Combat


You had 3 spell levels left.
You didn't know any spells.
Your spell library was empty.

Dungeon Overview and Level Annotations

Branches:
Dungeon (2/15)

Altars:

Annotations:
D:1 exclusion: 2 downstairs
D:2 Sigmund


Innate Abilities, Weirdness & Mutations

You thrive by killing the living.
You are immune to poison.
You have sharp fingernails.
Your flesh is cold resistant. (rC+)
You are immune to negative energy. (rN+++)
You do not regenerate when monsters are visible.
You are immune to unholy pain and torment.
You can survive without breathing.


Message History

The adder barely misses you. The adder bites you.
* * * LOW HITPOINT WARNING * * *
You hit the adder.
The adder is almost dead.
The adder closely misses you.
You hit the adder but do no damage.
The adder is almost dead.
The adder barely misses you. The adder bites you.
* * * LOW HITPOINT WARNING * * *
You barely miss the adder.
The adder is almost dead.
The adder bites you but does no damage.
You closely miss the adder.
The adder is almost dead.
The adder barely misses you.
You hit the adder.
You kill the adder!
Your Fighting skill increases to level 5!
You hit the goblin.
The goblin is severely wounded.
The goblin hits you but does no damage.
You completely miss the goblin.
The goblin is severely wounded.
The goblin hits you with a +0 club.
* * * LOW HITPOINT WARNING * * *
The goblin closely misses you.
You hit the goblin.
You kill the goblin!
You feel better.
You hit the goblin.
You kill the goblin!
You closely miss the frilled lizard. The frilled lizard bites you.
* * * LOW HITPOINT WARNING * * *
You barely miss the frilled lizard. The frilled lizard closely misses you.
The frilled lizard barely misses you.
You hit the frilled lizard but do no damage.
The frilled lizard misses you.
The ball python hisses angrily.
The ball python bites you.
You die...

..........# #... #... #.##....#..
........## #...#..# #.##.##...#
........# ......###.##g# g...
........# #.#.......##.# ..#
....##### #.#.#..#..##(# ..#
....###########.#.##....##.# ..
.....##......##.#.# #...#g# #..
.....##......##.#.####...#(# #.#
.............##.@.l.##.....# #.#
.....##........##S#.##.....# #.#
.....#########....gg##.#...####.#
.....# ####.#....#......#..
....## #.#.g.##.#..#.#.. ...##
#.#...##.##gg.... ####
#.#...gg.ggr#....
#.###..#.##..#... #.#
#....###....#


You could see 2 hobgoblins, 3 goblins, a ball python and a frilled lizard.

Vanquished Creatures
  A jelly (D:2)
  2 adders (D:2)
  A dart slug (D:1)
  5 endoplasms
  A giant cockroach (D:1)
  6 goblins
  A hobgoblin (D:1)
  5 jackals
  A quokka (D:1)
  2 ball pythons
  3 bats
  A kobold (D:1)
  A rat (D:2)
30 creatures vanquished.

Notes
Turn   | Place    | Note
-------+----------+-------------------------------------------
     0 | D:1      | 1player the Ghoul Monk began the quest for the Orb.
     0 | D:1      | Reached XP level 1. HP: 19/19 MP: 0/0
   267 | D:1      | Found a faded altar of an unknown god.
   426 | D:1      | Reached XP level 2. HP: 26/27 MP: 1/1
   439 | D:1      | Reached skill level 4 in Fighting
  1108 | D:2      | Reached XP level 3. HP: 34/34 MP: 2/2
  1192 | D:2      | Noticed Sigmund
  1776 | D:2      | Reached XP level 4. HP: 38/41 MP: 3/3
  2245 | D:2      | Reached skill level 5 in Fighting
  2246 | D:2      | HP: 2/42 [goblin/+0 club[Robin] (1)]
  2262 | D:2      | Slain by a ball python

Illustrated notes

Levels and vault maps discovered:
D:1:      lemuel_arrival_broad_hall, layout_basic,
          shapermc_ecumenical_altar_starsandcircs
D:2:      minmay_chambers_of_ones, layout_rooms, serial_shops, shop,
          nicolae_shop_crystal, uniq_robin, uniq_sigmund

Skill      XL: |  1  2  3  4 |
---------------+-------------+-----
Fighting       | 4 5 |  5.0
Stealth        | 3 |  3.3
Dodging        | |  2.6
Unarmed Combat | |  3.2

Action                   |  1- 3 |  4- 6 || total
-------------------------+-------+-------++-------
Melee: Dagger            |    68 |       ||    68
       Unarmed           |     7 |       ||     7
       Punch             |     2 |       ||     2
       Short sword       |    15 |    40 ||    55
 Fire: Hunting sling     |       |     9 ||     9
  Use: Scroll            |     1 |     3 ||     4
 Stab: Sleeping          |     4 |       ||     4
Armor: Leather armour    |    21 |     8 ||    29
Dodge: Dodged            |    58 |    47 ||   105

Table legend: (Time is in decaauts)
 A = Elapsed time spent in this place.
 B = Non-inter-level travel time spent in this place.
 C = Inter-level travel time spent in this place.
 D = Time resting spent in this place.
 E = Time spent auto-exploring this place.
 F = Levels seen in this place.
 G = Mean time per level.
                   A        B        C        D        E       F      G
               +--------+--------+--------+--------+--------+-----+--------+
         Total |   2270 |   1966 |    304 |    947 |    505 |   2 | 1135.0 |
       Dungeon |   2270 |   1966 |    304 |    947 |    505 |   2 | 1135.0 |
               +--------+--------+--------+--------+--------+-----+--------+

Top non-repeatable levels by time:
     D:1: 1884 daAuts
     D:2: 386 daAuts
